 Dungeon Sprint DCSS version 0.30.1-11-g7821555f0a (webtiles) character file.

Game seed: 2365287882395326227

66185 Heoruswealwe the Minotaur Porcupine (level 14, -2/160 HPs)
             Began as a Minotaur Fighter on Nov 8, 2023.
             Was an Initiate of Gozag.
             Killed from afar by an orb of fire (27 damage)
             ... with a bolt of fire
             ... in the Dungeon (Sprint IX: "|||||||||||||||||||||||||||||").
             The game lasted 00:35:06 (4109 turns).

Heoruswealwe the Minotaur Porcupine (MiFi)          Turns: 4109, Time: 00:35:06

Health: -2/160     AC: 46    Str: 36    XL:     14   Next: 78%
Magic:  13/13      EV: 15    Int:  7    God:    Gozag
Gold:   3555       SH:  0    Dex: 12    Spells: 13/13 levels left

rFire   + . .        b - +2 bardiche (protect)
rCold   . . .        (shield currently unavailable)
rNeg    . . .        c - +8 plate armour of the Beginning {-Tele Will+ Str+4}
rPois   +            g - +2 hat
rElec   .            h - +1 cloak
rCorr   .            (no gloves)
SInv    +            e - +1 pair of boots of the Planets {Int+2 Dex+3 SInv}
Will    ++...        (no amulet) Stlth
                     k - +2 ring of protection
HPRegen 0.46/turn    j - ring of Miziredd {Drain Fly rPois rF+ Str+5}
MPRegen 0.13/turn

%: no teleportation
@: mighty, gold aura, under a protective aura, flying, hasted, very quick
A: horns 2, retaliatory headbutt
a: Renounce Religion, Potion Petition, Call Merchant, Bribe Branch


You were in the Dungeon.
You worshipped Gozag.
Gozag was most pleased with you.
You visited 1 branch You collected 17913 gold pieces.
You spent 6192 gold pieces at shops.
You paid 8166 gold pieces to Gozag.

Inventory:

Hand Weapons
 a - a +0 trident
 b - a +2 bardiche of protection (weapon)
Armour
 c - the +8 plate armour of the Beginning (worn) {-Tele Will+ Str+4}
   (You bought it in a shop in the Dungeon)

   Str:       It affects your strength (+4).
   -Tele:     It prevents most forms of teleportation.
   Will:      It increases your willpower.
 d - a +1 tower shield of fire resistance
 e - the +1 pair of boots of the Planets (worn) {Int+2 Dex+3 SInv}
   (You bought it in a shop in the Dungeon)

   Int:       It affects your intelligence (+2).
   Dex:       It affects your dexterity (+3).
   SInv:      It lets you see invisible.
 g - a +2 hat (worn)
 h - a +1 cloak (worn)
Jewellery
 j - the ring of Miziredd (right hand) {Drain Fly rPois rF+ Str+5}
   (You bought it in a shop in the Dungeon)

   [ring of flight]

   Str:       It affects your strength (+5).
   rF:        It protects you from fire.
   rPois:     It protects you from poison.
   Fly:       It grants you flight.
   Drain:     It drains your maximum health when unequipped.
 k - a +2 ring of protection (left hand)
Wands
 l - a wand of roots (10)
 u - a wand of mindburst (2)
 w - a wand of flame (7)
Scrolls
 n - 7 scrolls of enchant armour
 o - 8 scrolls of enchant weapon
 s - 3 scrolls of identify
 z - 6 scrolls of blinking
Potions
 i - a potion of berserk rage
 m - 2 potions of might
 p - 2 potions of haste
 q - 4 potions of curing
 r - a potion of mutation
 t - 2 potions of cancellation
Miscellaneous
 v - a phial of floods
 x - a piece from Xom's chessboard (15/15)


   Skills:
 + Level 24.3 Fighting
 O Level 27 Polearms
 + Level 24.3 Armour
 + Level 13.9 Dodging
 + Level 15.5 Shields
 + Level 11.8 Evocations


You had 13 spell levels left.
You didn't know any spells.
Your spell library was empty.

Dungeon Overview and Level Annotations

Branches:
Dungeon (1/1)

Altars:
Cheibriados
Dithmenos
Elyvilon
Fedhas
Gozag
Hepliaklqana
Kikubaaqudgha
Makhleb
Nemelex Xobeh
Okawaru
Qazlal
Ru
Sif Muna
Trog
Uskayaw
Vehumet
Wu Jian
Xom
Yredelemnul
Zin
The Shining One
Jiyva
Lugonu

Shops:
D **=[*(*([?=

Annotations:
D Antaeus


Innate Abilities, Weirdness & Mutations

You have a pair of horns on your head.
You reflexively headbutt those who attack you in melee.


Message History

The slime creature seems to grow stronger.
The cyan very ugly thing gores you but does no damage.
You feel yourself speed up.
Antaeus is no longer distracted by gold.
The cyan very ugly thing gores you but does no damage.
You feel very mighty all of a sudden. The cyan very ugly thing gores you!
* * * LOW HITPOINT WARNING * * *
The cyan very ugly thing shocks you!!
* * * LOW HITPOINT WARNING * * *
You feel better.
The slime creature jiggles.
You feel better.
The orb of fire is distracted by your dazzling golden aura.
The cyan very ugly thing gores you but does no damage.
You feel better.
The orb of fire is no longer distracted by gold.
The ironbound convoker casts a spell at Antaeus.
Antaeus seems to grow stronger.
The cyan very ugly thing barely misses you.
You closely miss the cyan very ugly thing.
The cyan very ugly thing is almost dead.
You barely miss the cyan very ugly thing.
The cyan very ugly thing is almost dead.
The cyan very ugly thing barely misses you.
You hit the cyan very ugly thing but do no damage.
Your weapon exudes an aura of protection.
The cyan very ugly thing is almost dead.
You chop the cyan very ugly thing into pieces!!!
You kill the cyan very ugly thing!
The orb of fire emits a lurid red light.
The bolt of fire hits you! You resist.
* * * LOW HITPOINT WARNING * * *
You feel better.
You miss the orb of fire. You miss the orb of fire.
The orb of fire glows red.
The bolt of fire hits you!! You resist.
You die...
Your body crumbles into a pile of gold.

▓.▓?▓.▓.▓.▓.▓.▓.
▓+▓.▓.▓.▓'▓.▓'▓.▓[
▓M▓.▓∩▓.▓.▓.▓.▓.▓[
▓.▓.▓.▓.▓.▓.▓∩▓.▓.
▓p▓.▓'▓.▓.▓.▓.▓.▓.
▓C▓.▓.▓.▓.▓.▓∩▓.▓'
▓J▓.▓.▓.▓.▓.▓.▓.▓.
▓*▓.▓.▓.▓.▓.▓∩▓.▓[
▓@▓.▓.▓.▓.▓)▓.▓.▓)
▓$▓.▓.▓.▓.▓.▓∩▓.▓.
▓$▓.▓)▓.▓.▓.▓.▓.▓.
▓$▓.▓.▓.▓.▓.▓∩▓.▓.
▓$▓.▓.▓.▓(▓.▓.▓.▓.
$
▓.▓.▓.▓.▓.▓.▓∩▓.▓.
▓$▓.▓'▓.▓.▓.▓.▓.▓.
▓.▓.▓.▓.▓.▓.▓.▓.▓.
$
▓$▓.▓.▓.▓)▓.▓.▓.▓.


You could see Antaeus (strong), an orb of fire, a slime creature (strong), an
ironbound convoker and a guardian mummy.

Vanquished Creatures
  2 liches (D)
  A sphinx (D)
  2 vault wardens (D)
  An orc warlord (D)
  5 very ugly things (D)
  2 ironbound preservers (D)
  4 stone giants (D)
  An ironbound thunderhulk (D)
  Azrael (D)
  Snorg (D)
  A dire elephant (D)
  An eleionoma (D)
  A spark wasp (D)
  3 ettins (D)
  2 great orbs of eyes (D)
  A fire dragon (D)
  An entropy weaver (D)
  An ice dragon (D)
  2 hydras (D)
  A yaktaur captain (D)
  Harold (D)
  An anaconda (D)
  A catoblepas (shapeshifter) (D)
  An ironbound frostheart (D)
  3 boulder beetles (D)
  A ghost crab (D)
  2 alligators (D)
  3 ogre magi (D)
  Erica (D)
  A deep troll earth mage (D)
  4 deep troll shamans (D)
  2 tengu warriors (D)
  2 naga sharpshooters (D)
  A shock serpent (D)
  An iron troll (D)
  A skyshark (D)
  A pharaoh ant (D)
  4 deep trolls (D)
  A naga ritualist (D)
  An orb spider (D)
  A sea snake (D)
  A spriggan druid (D)
  2 swamp dragons (D)
  A lindwurm (D)
  2 wizards (D)
  A harpy (D)
  3 ironbound convokers (D)
  3 orc knights (D)
  2 ugly things (D)
  4 manticores (D)
  A will-o-the-wisp (D)
  A moth of wrath (D)
  3 cyclopes (D)
  A guardian serpent (D)
  3 black mambas (D)
  Joseph (D)
  5 cane toads (D)
  An unseen horror (shapeshifter) (D)
  Psyche (D)
  2 efreet (D)
  A tengu conjurer (D)
  4 trolls (D)
  A polar bear (D)
  A merfolk (D)
  A tarantella (D)
  2 blink frogs (D)
  A dream sheep (D)
  3 snapping turtles (D)
  2 shadows (D)
  A wyvern (D)
  2 culicivoras (D)
  A water elemental (D)
  A wraith (D)
  3 yaks (D)
  Grum (D)
  3 fire elementals (D)
  A redback (D)
  A vampire mosquito (D)
  5 wargs (D)
  4 water moccasins (D)
  9 orc warriors (D)
  3 hell hounds (D)
  An ice beast (D)
  6 wolves (D)
  A bullfrog (D)
  A scorpion (D)
  3 orc priests (D)
  A jelly (D)
  6 orc wizards (D)
  A worm (D)
  6 orcs (D)
  3 bats (D)
  A jackal (D)
  A quokka (D)
  A goblin (D)
189 creatures vanquished.

Vanquished Creatures (others)
  3 foxfires (D)
3 creatures vanquished.

Grand Total: 192 creatures vanquished

Notes
Turn   | Place    | Note
-------+----------+-------------------------------------------
     0 | D        | Heoruswealwe the Minotaur Fighter began the quest for the
                  | Orb.
     0 | D        | Reached XP level 1. HP: 19/19 MP: 0/0
     7 | D        | Reached skill level 3 in Polearms
    25 | D        | Noticed an ice beast
    25 | D        | Noticed a scorpion
    25 | D        | Noticed a jelly
    28 | D        | Killed a jelly
    29 | D        | Reached skill level 5 in Fighting
    29 | D        | Reached skill level 5 in Polearms
    29 | D        | Reached skill level 5 in Armour
    29 | D        | Reached XP level 2. HP: 20/29 MP: 1/1
    29 | D        | Reached XP level 3. HP: 25/36 MP: 2/2
    32 | D        | Killed a scorpion
    33 | D        | Reached skill level 7 in Polearms
    33 | D        | Reached XP level 4. HP: 32/44 MP: 3/3
    44 | D        | Killed an ice beast
    45 | D        | Reached skill level 9 in Polearms
    45 | D        | Reached XP level 5. HP: 19/52 MP: 4/4
    53 | D        | Found a snail-covered altar of Cheibriados.
    53 | D        | Found a shadowy altar of Dithmenos.
    53 | D        | Found a white marble altar of Elyvilon.
    53 | D        | Found a blossoming altar of Fedhas.
    53 | D        | Found an opulent altar of Gozag.
    54 | D        | Found a hazy altar of Hepliaklqana.
    55 | D        | Found a viscous altar of Jiyva.
    56 | D        | Found an ancient bone altar of Kikubaaqudgha.
    57 | D        | Found a corrupted altar of Lugonu.
    58 | D        | Found a burning altar of Makhleb.
    59 | D        | Found a sparkling altar of Nemelex Xobeh.
    60 | D        | Found an iron altar of Okawaru.
    61 | D        | Became a worshipper of Gozag Ym Sagoz the Greedy
    62 | D        | Found a stormy altar of Qazlal.
    63 | D        | Found a sacrificial altar of Ru.
    64 | D        | Found a shimmering blue altar of Sif Muna.
    65 | D        | Found a bloodstained altar of Trog.
    66 | D        | Found a hide-covered altar of Uskayaw.
    67 | D        | Found a radiant altar of Vehumet.
    68 | D        | Found an ornate altar of the Wu Jian Council.
    69 | D        | Found a shimmering altar of Xom.
    70 | D        | Found a basalt altar of Yredelemnul.
    71 | D        | Found a glowing silver altar of Zin.
    72 | D        | Found a glowing golden altar of the Shining One.
   161 | D        | Noticed a yak
   161 | D        | Noticed a yak
   161 | D        | Noticed a wyvern
   161 | D        | Noticed a shadow
   161 | D        | Noticed a shadow
   161 | D        | Noticed an orc warrior
   167 | D        | Killed an orc warrior
   168 | D        | Reached skill level 11 in Polearms
   168 | D        | Reached XP level 6. HP: 57/62 MP: 5/5
   173 | D        | Killed a shadow
   174 | D        | Reached skill level 12 in Polearms
   177 | D        | Killed a shadow
   178 | D        | Reached skill level 10 in Fighting
   178 | D        | Reached skill level 13 in Polearms
   178 | D        | Reached skill level 10 in Armour
   178 | D        | Reached XP level 7. HP: 66/72 MP: 6/6
   184 | D        | Killed a wyvern
   186 | D        | Killed a yak
   187 | D        | Reached skill level 14 in Polearms
   192 | D        | Killed a yak
   193 | D        | Reached XP level 8. HP: 66/82 MP: 7/7
   241 | D        | Noticed a cyclops
   241 | D        | Noticed an efreet
   241 | D        | Noticed a cyclops
   241 | D        | Noticed a manticore
   241 | D        | Noticed an efreet
   243 | D        | Killed an efreet
   244 | D        | Reached skill level 15 in Polearms
   249 | D        | Killed a manticore
   250 | D        | Reached skill level 16 in Polearms
   255 | D        | Killed a cyclops
   256 | D        | Reached skill level 17 in Polearms
   256 | D        | Reached XP level 9. HP: 79/92 MP: 8/8
   259 | D        | Killed an efreet
   267 | D        | Killed a cyclops
   268 | D        | Reached skill level 18 in Polearms
   520 | D        | Noticed a cane toad
   520 | D        | Noticed a cane toad
   524 | D        | Noticed a boulder beetle
   540 | D        | Killed a cane toad
   545 | D        | Killed a cane toad
   546 | D        | Reached skill level 19 in Polearms
   568 | D        | Killed a boulder beetle
   569 | D        | Reached XP level 10. HP: 44/104 MP: 9/9
   734 | D        | Noticed a cane toad
   734 | D        | Noticed a cane toad
   737 | D        | Reached skill level 20 in Polearms
   738 | D        | Killed a cane toad
   739 | D        | Reached skill level 15 in Fighting
   739 | D        | Reached skill level 15 in Armour
   742 | D        | Noticed a skyshark
   745 | D        | Noticed a cane toad
   747 | D        | Killed a cane toad
   775 | D        | Killed a skyshark
   776 | D        | Reached skill level 21 in Polearms
   783 | D        | Killed a cane toad
  1018 | D        | Noticed Harold
  1029 | D        | Killed Harold
  1030 | D        | Reached skill level 22 in Polearms
  1030 | D        | Reached XP level 11. HP: 100/115 MP: 10/10
  1097 | D        | Noticed Erica
  1110 | D        | Killed Erica
  1297 | D        | Noticed an orc knight
  1318 | D        | Killed an orc knight
  1405 | D        | Noticed an orc knight
  1414 | D        | Killed an orc knight
  1429 | D        | Reached skill level 23 in Polearms
  1583 | D        | Found Puwounom's Jewellery Boutique.
  1583 | D        | Noticed a deep troll
  1583 | D        | Noticed a deep troll
  1583 | D        | Noticed a deep troll
  1587 | D        | Killed a deep troll
  1598 | D        | Killed a deep troll
  1603 | D        | Killed a deep troll
  1607 | D        | Noticed a deep troll
  1620 | D        | Killed a deep troll
  1621 | D        | Reached skill level 24 in Polearms
  1624 | D        | Noticed an ettin
  1634 | D        | Killed an ettin
  1813 | D        | Found Pijus's Magic Scroll Shop.
  1817 | D        | Found Jiletier's Armour Boutique.
  1821 | D        | Found Circhofam's Weapon Shop.
  1823 | D        | Noticed an ogre mage
  1824 | D        | Noticed an ogre mage
  1824 | D        | Noticed an iron troll
  1853 | D        | Killed an ogre mage
  1858 | D        | Killed an ogre mage
  1877 | D        | Killed an iron troll
  1878 | D        | Reached XP level 12. HP: 84/128 MP: 11/11
  1884 | D        | Reached skill level 25 in Polearms
  1889 | D        | Noticed an ogre mage
  1904 | D        | Killed an ogre mage
  1953 | D        | Bought a scroll of blinking for 105 gold pieces
  1953 | D        | Bought a scroll of torment for 133 gold pieces
  1953 | D        | Bought a scroll of identify for 28 gold pieces
  1953 | D        | Bought a scroll of blinking for 105 gold pieces
  1953 | D        | Bought a scroll of poison for 56 gold pieces
  1953 | D        | Bought a scroll of identify for 28 gold pieces
  1953 | D        | Bought a scroll of fear for 56 gold pieces
  1953 | D        | Bought a scroll of enchant weapon for 105 gold pieces
  1972 | D        | Bought a +2 hat for 192 gold pieces
  1982 | D        | Bought a bubbling brown potion for 27 gold pieces
  1982 | D        | Bought a bone wand for 120 gold pieces
  1992 | D        | Bought 2 potions of curing for 66 gold pieces
  1992 | D        | Bought a phial of floods for 440 gold pieces
  1992 | D        | Bought 3 scrolls of identify for 66 gold pieces
  1995 | D        | Bought a dazzling plate armour for 784 gold pieces
  1995 | D        | Identified the +8 plate armour of the Beginning {-Tele
                  | Will+ Str+4} (You bought it in a shop in the Dungeon)
  1995 | D        | Bought a pair of pitted boots for 266 gold pieces
  1995 | D        | Identified the +1 pair of boots of the Planets {Int+2 Dex+3
                  | SInv} (You bought it in a shop in the Dungeon)
  1995 | D        | Bought a runed tower shield for 210 gold pieces
  1998 | D        | Bought the ring of Miziredd {Drain Fly rPois rF+ Str+5} for
                  | 527 gold pieces
  2087 | D        | Noticed Psyche
  2095 | D        | Killed Psyche
  2134 | D        | Noticed Joseph
  2139 | D        | Noticed Grum
  2143 | D        | Killed Joseph
  2154 | D        | Killed Grum
  2330 | D        | Noticed a boulder beetle
  2332 | D        | Noticed a tengu warrior
  2336 | D        | Killed a boulder beetle
  2338 | D        | Noticed a lich
  2348 | D        | Noticed a four-headed hydra
  2349 | D        | Noticed a purple very ugly thing
  2359 | D        | Noticed a deep troll earth mage
  2363 | D        | Killed a lich
  2364 | D        | Reached skill level 26 in Polearms
  2370 | D        | Noticed a stone giant
  2373 | D        | Killed a tengu warrior
  2378 | D        | Killed a seven-headed hydra
  2381 | D        | Noticed a boulder beetle
  2385 | D        | Killed a brown very ugly thing
  2388 | D        | a boulder beetle changed into a ghost moth
  2388 | D        | Noticed a ghost moth (glowing shapeshifter)
  2389 | D        | Killed a deep troll earth mage
  2389 | D        | a ghost moth changed into a storm dragon
  2389 | D        | Noticed a storm dragon (glowing shapeshifter)
  2390 | D        | Reached skill level 27 in Polearms
  2392 | D        | a storm dragon changed into an emperor scorpion
  2392 | D        | Noticed an emperor scorpion (glowing shapeshifter)
  2394 | D        | Killed a stone giant
  2395 | D        | Reached skill level 1 in Dodging
  2395 | D        | Reached skill level 1 in Evocations
  2402 | D        | an emperor scorpion changed into a catoblepas
  2402 | D        | Noticed a catoblepas (glowing shapeshifter)
  2405 | D        | Killed a catoblepas
  2661 | D        | Bought 3 scrolls of enchant weapon for 810 gold pieces
  2750 | D        | Noticed an alligator
  2750 | D        | Noticed an eleionoma
  2750 | D        | Noticed an alligator
  2754 | D        | Noticed a seven-headed hydra
  2756 | D        | Reached skill level 5 in Shields
  2759 | D        | Killed an alligator
  2760 | D        | Noticed a ghost crab
  2767 | D        | Killed an eleionoma
  2768 | D        | Reached XP level 13. HP: 141/141 MP: 12/12
  2777 | D        | Reached skill level 5 in Dodging
  2877 | D        | Noticed a spark wasp
  2882 | D        | Killed a spark wasp
  2889 | D        | Reached skill level 5 in Evocations
  3036 | D        | Bought a scroll of blinking for 270 gold pieces
  3036 | D        | Bought a scroll of enchant armour for 270 gold pieces
  3036 | D        | Bought a potion of haste for 360 gold pieces
  3036 | D        | Bought a twisted silver wand for 144 gold pieces
  3313 | D        | Reached skill level 10 in Shields
  3485 | D        | Bought a piece from Xom's chessboard (15/15) for 640 gold
                  | pieces
  3485 | D        | Bought a scroll labelled SOGAICERYTH for 32 gold pieces
  3485 | D        | Bought a scroll labelled UTZADW EFAHO for 32 gold pieces
  3485 | D        | Bought a scroll of identify for 64 gold pieces
  3485 | D        | Bought a potion of cancellation for 256 gold pieces
  3498 | D        | Noticed Snorg
  3507 | D        | Killed Snorg
  3585 | D        | Noticed Azrael
  3592 | D        | Killed Azrael
  3644 | D        | Noticed a sphinx
  3644 | D        | Noticed a lich
  3644 | D        | Noticed an ettin
  3644 | D        | Noticed a stone giant
  3645 | D        | Noticed a cyan very ugly thing
  3646 | D        | Killed a stone giant
  3648 | D        | Killed an ettin
  3649 | D        | Reached skill level 10 in Dodging
  3656 | D        | Killed a lich
  3666 | D        | Killed a sphinx
  3667 | D        | Reached XP level 14. HP: 42/155 MP: 13/13
  3671 | D        | Noticed a cyan very ugly thing
  3674 | D        | Noticed a stone giant
  3678 | D        | Killed a cyan very ugly thing
  3685 | D        | Noticed a purple very ugly thing
  3687 | D        | HP: 6/155 [cyan very ugly thing (18)]
  3694 | D        | Killed a cyan very ugly thing
  3699 | D        | Noticed a stone giant
  3700 | D        | Killed a stone giant
  3706 | D        | Killed a purple very ugly thing
  3716 | D        | Reached skill level 10 in Evocations
  3723 | D        | Killed a stone giant
  4017 | D        | Noticed an orc warlord
  4017 | D        | Noticed an ironbound preserver
  4022 | D        | Killed an ironbound preserver
  4022 | D        | Noticed a vault warden
  4035 | D        | Killed an orc warlord
  4047 | D        | Killed a vault warden
  4059 | D        | Noticed an ironbound thunderhulk
  4064 | D        | Noticed an ironbound preserver
  4072 | D        | Killed an ironbound thunderhulk
  4073 | D        | Noticed a vault warden
  4076 | D        | Noticed a cyan very ugly thing
  4077 | D        | Killed an ironbound preserver
  4078 | D        | Reached skill level 15 in Shields
  4091 | D        | Killed a vault warden
  4094 | D        | HP: 8/160 [cyan very ugly thing (24)]
  4095 | D        | Noticed Antaeus
  4095 | D        | Noticed an orb of fire
  4099 | D        | HP: 7/160 [cyan very ugly thing (25)]
  4106 | D        | Killed a cyan very ugly thing
  4109 | D        | Killed from afar by an orb of fire

Illustrated notes

Levels and vault maps discovered:
D:        linesprint [early_d, line_temple, items_1, d_10, items_2, lair_1,
          lair_end, items_3, orc_1, orc_end, items_4, d_15, swamp_1, shoals_1,
          snake_1, spider_1, d_20, vaults_1, items_5, swamp_end, shoals_end,
          snake_end, spider_end, vaults_end, d_27, items_6, zot_1, zot_end,
          crypt_end, forest_end, elf_end, slime_end, tomb_end, abyss_end,
          pan_hell_end]

Skill      XL: |  1  2  3  4  5  6  7  8  9 10 11 12 13 14 |
---------------+-------------------------------------------+-----
Polearms       | 5 7 9 11 13 14 17 19 22 24 27 | 27.0
Fighting       | 5 6 7 8 10 11 12 14 16 18 20 22 24 | 24.3
Armour         | 5 6 7 8 10 11 12 14 16 18 20 22 24 | 24.3
Dodging        | 4 10 13 | 13.9
Shields        | 5 12 15 | 15.5
Evocations     | 3 8 11 | 11.8

Action                     |  1- 3 |  4- 6 |  7- 9 | 10-12 | 13-15 || total
---------------------------+-------+-------+-------+-------+-------++-------
  Melee: Trident           |    18 |    14 |       |       |       ||    32
         Halberd           |       |    16 |    83 |   166 |       ||   265
         Headbutt          |       |     8 |    15 |    72 |    73 ||   168
         Glaive            |       |       |       |   141 |   193 ||   334
         Bardiche          |       |       |       |       |    69 ||    69
 Invoke: Call Merchant     |       |       |       |     6 |     1 ||     7
    Use: Potion            |       |       |     3 |     2 |    11 ||    16
         Scroll            |       |       |       |     2 |     2 ||     4
   Stab: Distracted        |       |       |       |     6 |     5 ||    11
 Armour: Scale mail        |     7 |     3 |       |       |       ||    10
         Chain mail        |       |     6 |     2 |       |       ||     8
         Plate armour      |       |       |    26 |   153 |   124 ||   303
  Dodge: Dodged            |     9 |     6 |    22 |    57 |    92 ||   186
  Block: Buckler           |     4 |     2 |       |       |       ||     6
